 Dungeon Crawl Stone Soup version 0.27-a0-1193-g8631133539 (webtiles) character file.

Game seed: 8436547273870733955

179 freelancePsychic the Poker (level 5, -3/41 HPs)
             Began as a Merfolk Gladiator on May 25, 2021.
             Was a Priest of Zin.
             Slain by a scorpion (6 damage)
             ... on level 4 of the Dungeon.
             The game lasted 00:07:44 (3408 turns).

freelancePsychic the Poker (Merfolk Gladiator)      Turns: 3408, Time: 00:07:45

Health: -3/41      AC:  6    Str: 16    XL:     5   Next: 59%
Magic:  3/5        EV: 13    Int:  9    God:    Zin [***...]
Gold:   241        SH:  0    Dex: 16    Spells: 4/4 levels left

rFire    . . .     SeeInvis .   h - +0 glaive (freeze)
rCold    . . .     Faith    +   (shield currently unavailable)
rNeg     . . .     Spirit   .   f - +0 ring mail
rPois    ∞         Reflect  .   c - +0 helmet
rElec    .         Harm     .   (no cloak)
rCorr    .         Rampage  .   (no gloves)
Will     .....                  (no boots)
Stlth    +.........             o - amulet of faith
HPRegen  0.13/turn              (no ring)
MPRegen  0.09/turn              (no ring)

@: lethally poisoned (-3 -> -3), vitalised, about to teleport, very slightly
contaminated, invisible
A: (nimble swimmer 2), mertail
a: Renounce Religion, Recite, Vitalisation, Imprison, Donate Gold


You were on level 4 of the Dungeon.
You worshipped Zin.
Zin was most pleased with you.
You visited 1 branch of the dungeon, and saw 4 of its levels.

You collected 267 gold pieces.
You donated 26 gold pieces to Zin.

Inventory:

Hand Weapons
 a - a +0 trident
 h - a +0 glaive of freezing (weapon)
Missiles
 d - 3 throwing nets (quivered)
 l - 41 poisoned darts
Armour
 c - a +0 helmet (worn)
 f - a +0 ring mail (worn)
Jewellery
 i - a ring of willpower
 o - an amulet of faith (around neck)
 v - a ring of ice
Wands
 y - a wand of iceblast (4)
Scrolls
 b - a scroll of fear {unknown}
 e - a scroll of torment {unknown}
 m - 2 scrolls of fog {unknown}
 s - a scroll of brand weapon {unknown}
 t - a scroll of magic mapping {unknown}
 w - a scroll of enchant armour {unknown}
 x - a scroll of summoning {unknown}
 z - a scroll of identify {@r1}
Potions
 j - a potion of heal wounds {unknown}
 k - a potion of ambrosia {unknown}
 n - a potion of haste {unknown}
 p - 2 potions of invisibility
 q - a potion of brilliance {unknown}
 r - a potion of lignification {unknown}
 u - a potion of attraction {unknown}


   Skills:
 - Level 3.1 Fighting
 * Level 6.5 Polearms
 - Level 2.0 Throwing
 * Level 5.9 Dodging
 + Level 0.6 Invocations


You had 4 spell levels left.
You didn't know any spells.
Your spell library contained the following spells:

 Spells                   Type           Power      Damage    Failure   Level
 Animate Skeleton         Necr           0%         N/A       61%         1
 Pain                     Necr           0%         1d4       61%         1
 Vampiric Draining        Necr           0%         2d6       93%         3
 Animate Dead             Necr           0%         N/A       100%        4
 Agony                    Necr           0%         N/A       100%        5


Dungeon Overview and Level Annotations

Branches:
Dungeon (4/15)
 Temple: D:4-7

Altars:
Cheibriados
Gozag
Kikubaaqudgha
Nemelex Xobeh
Zin

Annotations:
D:4 1 runed translucent door, Crazy Yiuf


Innate Abilities, Weirdness & Mutations

((You are quick and stealthy near water. (Stealth+, EV+, Speed+++)))
Your lower body shifts to a powerful aquatic tail in water.


Message History

The howler monkey hoots and howls with incredible vigour!
You hear an angry buzzing noise.
You hit the scorpion. You freeze the scorpion.
The scorpion is lightly wounded.
The scorpion stings you! The scorpion closely misses you.
You hit the scorpion. You freeze the scorpion.
The scorpion is heavily wounded.
The scorpion barely misses you.
You slash the scorpion! You freeze the scorpion.
The scorpion is almost dead.
The scorpion stings you.
You are poisoned.
The scorpion poisons you! The scorpion stings you.
You are more poisoned.
The scorpion poisons you!
You closely miss the scorpion.
The scorpion is almost dead.
You feel extremely sick.
The scorpion stings you but does no damage.
The scorpion stings you.
You fail to use your ability.
You feel very sick. The scorpion barely misses you.
Zin grants you divine stamina. The scorpion closely misses you.
You hit the scorpion but do no damage.
The scorpion is almost dead.
The scorpion stings you.
* * * LOW HITPOINT WARNING * * *
The howler monkey hoots and howls with incredible vigour!
The scorpion stings you.
* * * LOW HITPOINT WARNING * * *
It was a potion of invisibility.
You fade into invisibility!
The scorpion stings you.
* * * LOW HITPOINT WARNING * * *
You are very lightly contaminated with residual magic.
As you read the scroll of teleportation {@r4}, it crumbles to dust.
You feel strangely unstable. The scorpion stings you.
You die...

#.########## ##.##........
#......#..## #..##...####
#......#..+[ ##.......##
#..##..# ######.........##
#..##..#...#..#..###.....##
#......#.#o#....####.....#.
#......#.gh###.####........
##'#######s###..#.....#....
###
#.....#..@.##........###..
##.#
#.....#....#..........##..
#..##
#..#..#....#.....#.....#.#
....##
#.....'....#...####.......
.....###.....######..##
##......
..>....#######.....###
####...
........####......## ##..#
....##....#.....### #..##
...###......##### ##.##


You could see a scorpion, a howler monkey (catching breath), an orc and a
hobgoblin.

Vanquished Creatures
  A jelly (D:4)
  7 adders
  2 worms (D:3)
  2 dart slugs
  3 orcs (D:3)
  8 bats
  8 endoplasms
  4 giant cockroaches
  5 hobgoblins
  A jackal (D:3)
  8 kobolds
  5 quokkas
  7 ball pythons
  4 frilled lizards
  4 goblins
  2 rats (D:1)
71 creatures vanquished.

Notes
Turn   | Place    | Note
-------+----------+-------------------------------------------
     0 | D:1      | freelancePsychic the Merfolk Gladiator began the quest for
                  | the Orb.
     0 | D:1      | Reached XP level 1. HP: 16/16 MP: 1/1
   200 | D:1      | Reached XP level 2. HP: 23/23 MP: 2/2
   417 | D:1      | Reached skill level 5 in Polearms
   752 | D:2      | Reached XP level 3. HP: 27/28 MP: 3/3
   838 | D:2      | Found a faded altar of an unknown god.
   973 | D:2      | Reached skill level 5 in Dodging
   973 | D:2      | Reached XP level 4. HP: 31/34 MP: 4/4
  1664 | D:3      | Found a glowing silver altar of Zin.
  1729 | D:3      | Became a worshipper of Zin the Law-Giver
  1729 | D:3      | Reached * piety under Zin
  1785 | D:3      | Reached skill level 6 in Polearms
  1832 | D:3      | Found a sparkling altar of Nemelex Xobeh.
  2218 | D:3      | Found a snail-covered altar of Cheibriados.
  2378 | D:3      | Reached XP level 5. HP: 38/41 MP: 5/5
  2468 | D:4      | Identified a scroll of acquirement
  2468 | D:4      | Acquired a +0 glaive of freezing
  2492 | D:4      | Found an opulent altar of Gozag.
  2620 | D:4      | Reached ** piety under Zin
  2795 | D:4      | Found a runed translucent door.
  2796 | D:4      | Noticed Crazy Yiuf
  2907 | D:4      | Reached *** piety under Zin
  3166 | D:4      | Found an ancient bone altar of Kikubaaqudgha.
  3341 | D:4      | Noticed a hornet
  3408 | D:4      | Slain by a scorpion

Illustrated notes

Levels and vault maps discovered:
D:1:      zaba_arrival_water, layout_loops_ring, nrook_mini_vaults
D:2:      layout_rooms, shapermc_ecumenical_altar_totnotflames
D:3:      minmay_general_purpose_star, layout_rooms, zin_scriptorium,
          nicolae_overflow_hidden_temple, old_standard_altar, serial_curves,
          eino_curves_03, eino_curves_02
D:4:      minmay_clustersquares, layout_layer_cave, grunt_gozag_statues,
          old_standard_altar, uniq_crazy_yiuf_cottage

Skill      XL: |  1  2  3  4 |
---------------+-------------+-----
Polearms       | 5 6 |  6.5
Dodging        | 5 |  5.9
Fighting       | 3 |  3.1
Throwing       | |  2.0
Invocations    | |  0.6

Action                   |  1- 3 |  4- 6 || total
-------------------------+-------+-------++-------
Melee: Trident           |    85 |    98 ||   183
       Glaive            |       |    42 ||    42
Invok: Vitalisation      |       |     1 ||     1
  Use: Scroll            |       |     4 ||     4
       Potion            |       |     1 ||     1
Armor: Ring mail         |    16 |    38 ||    54
Dodge: Dodged            |    45 |    73 ||   118

Table legend: (Time is in decaauts)
 A = Elapsed time spent in this place.
 B = Non-inter-level travel time spent in this place.
 C = Inter-level travel time spent in this place.
 D = Time resting spent in this place.
 E = Time spent auto-exploring this place.
 F = Levels seen in this place.
 G = Mean time per level.
                   A        B        C        D        E       F      G
               +--------+--------+--------+--------+--------+-----+--------+
         Total |   3423 |   3322 |    101 |      0 |   2856 |   4 |  855.8 |
       Dungeon |   3423 |   3322 |    101 |      0 |   2856 |   4 |  855.8 |
               +--------+--------+--------+--------+--------+-----+--------+

Top non-repeatable levels by time:
     D:4: 1003 daAuts
     D:3: 907 daAuts
     D:2: 774 daAuts
     D:1: 737 daAuts
